[Event "CCT Chessable Masters Place D-III 2024"]
[Site "Online"]
[Date "2024.02.01"]
[Round "1"]
[White "Safarli, Eltaj"]
[Black "Raja Rithvik R"]
[Result "1-0"]
[ECO "B50"]
[WhiteElo "2604"]
[BlackElo "2522"]
[Annotator "ChessBase"]
[PlyCount "105"]
[EventDate "2024.01.12"]
[EventType "k.o."]
[EventCountry "NET"]
[SourceTitle "playchess.com"]
[Source "ChessBase"]
[SourceQuality "1"]
[TimeControl "600+2"]

1. e4 c5 2. Nf3 d6 3. Nc3 Nf6 4. e5 dxe5 5. Nxe5 a6 6. g3 Qd6 7. Nf3 b5 8. Bg2 Bb7 9. O-O e6 10. d3 Be7 11. a4 b4 12. Nb1 O-O 13. Nbd2 Qc7 14. Nc4 Nd5 15. Re1 Nc6 16. h4 Rad8 17. Ng5 h6 18. Ne4 Rfe8 19. Be3 Nxe3 20. Nxe3 Ne5 21. Qe2 Qd7 22. Nd2 Nc6 23. Nec4 Nd4 24. Qd1 Bxg2 25. Kxg2 Bf8 26. Ne5 Qb7+ 27. Nef3 e5 28. Kg1 Qd5 29. Nxd4 cxd4 30. b3 f5 31. Qh5 Qe6 32. Re2 Qf6 33. Rae1 Bd6 34. f4 Re7 35. Nc4 exf4 36. Rxe7 Bxe7 37. gxf4 Qxh4 38. Qxh4 Bxh4 39. Re6 g5 40. Rxh6 Kg7 41. fxg5 Bxg5 42. Rxa6 Re8 43. Kf2 Rh8 44. Kg3 Bc1 45. Ne5 f4+ 46. Kg4 Rh2 47. Rc6 Rg2+ 48. Kf5 Rg3 49. Rc7+ Kf8 50. Kf6 Kg8 51. Nf7 Kh7 52. Ng5+ Kg8 53. Rc8# 1-0

[Event "CCT Chessable Masters Place D-III 2024"]
[Site "Online"]
[Date "2024.02.01"]
[Round "1"]
[White "BilodeauA"]
[Black "Bluebaum, Matthias"]
[Result "1/2-1/2"]
[ECO "C07"]
[WhiteElo "2602"]
[BlackElo "2655"]
[Annotator "ChessBase"]
[PlyCount "91"]
[EventDate "2024.01.12"]
[EventType "k.o."]
[EventCountry "NET"]
[SourceTitle "playchess.com"]
[Source "ChessBase"]
[SourceQuality "1"]
[TimeControl "600+2"]

1. e4 e6 2. d4 d5 3. Nd2 c5 4. exd5 Qxd5 5. dxc5 Nf6 6. Nb3 Qxd1+ 7. Kxd1 Bd7 8. a4 Bc6 9. Bb5 Nbd7 10. Bxc6 bxc6 11. Nf3 Nxc5 12. Nxc5 Bxc5 13. Ke2 Ke7 14. Ne5 Rhc8 15. Rd1 Rab8 16. c3 Nd5 17. Nc4 Nb6 18. Na5 Nd5 19. Nc4 Nb6 20. Nd2 Bd6 21. g3 Bc7 22. a5 Nd5 23. Nc4 a6 24. Kd3 Rb5 25. Kc2 f6 26. b3 e5 27. Ba3+ Ke6 28. Nb2 Rbb8 29. c4 Bxa5 30. Nd3 Nb4+ 31. Bxb4 Bxb4 32. Rxa6 Bd6 33. f3 Ra8 34. Rda1 Rxa6 35. Rxa6 f5 36. c5 e4 37. cxd6 exd3+ 38. Kxd3 Kxd6 39. b4 Rb8 40. Kc4 Rb7 41. h4 g6 42. Ra8 Re7 43. Kd4 Rb7 44. Kc4 Re7 45. Kd4 Rb7 46. Kc4 1/2-1/2

[Event "CCT Chessable Masters Place D-III 2024"]
[Site "Online"]
[Date "2024.02.01"]
[Round "1"]
[White "Kravtsiv, Martyn"]
[Black "Demchenko, Anton"]
[Result "0-1"]
[ECO "C79"]
[WhiteElo "2598"]
[BlackElo "2609"]
[Annotator "ChessBase"]
[PlyCount "98"]
[EventDate "2024.01.12"]
[EventType "k.o."]
[EventCountry "NET"]
[SourceTitle "playchess.com"]
[Source "ChessBase"]
[SourceQuality "1"]
[TimeControl "600+2"]

1. e4 e5 2. Nf3 Nc6 3. Bb5 a6 4. Ba4 Nf6 5. O-O d6 6. Re1 Bg4 7. c4 Nd7 8. Bxc6 bxc6 9. h3 Bxf3 10. Qxf3 Nc5 11. d3 Ne6 12. Nc3 Be7 13. Ne2 O-O 14. Be3 c5 15. Rab1 a5 16. g3 a4 17. Qg2 Rb8 18. Rf1 Bf6 19. Nc3 c6 20. Nxa4 Qa5 21. b3 g6 22. Kh1 Qc7 23. f4 exf4 24. gxf4 Bd4 25. Bxd4 Nxd4 26. f5 Kh8 27. f6 Rbe8 28. Nc3 Re5 29. Rb2 Rfe8 30. Ne2 Ne6 31. Ng3 h6 32. b4 cxb4 33. Rxb4 Ra8 34. Rfb1 Qd8 35. Qf2 Rea5 36. R1b2 Kg8 37. d4 c5 38. Rb7 cxd4 39. Nf5 gxf5 40. Qh4 Rxa2 41. Rxa2 Rxa2 42. Qg3+ Kf8 43. exf5 Qa8 44. Qxd6+ Kg8 45. Qd5 Ra1+ 46. Kh2 Qa2+ 47. Kg3 Rg1+ 48. Kf3 Ng5+ 49. Kf4 Qh2# 0-1

[Event "CCT Chessable Masters Place D-III 2024"]
[Site "Online"]
[Date "2024.02.01"]
[Round "1"]
[White "Yoo, Christopher Woojin"]
[Black "Hakobyan, Aram"]
[Result "1/2-1/2"]
[ECO "E05"]
[WhiteElo "2595"]
[BlackElo "2616"]
[Annotator "ChessBase"]
[PlyCount "124"]
[EventDate "2024.01.12"]
[EventType "k.o."]
[EventCountry "NET"]
[SourceTitle "playchess.com"]
[Source "ChessBase"]
[SourceQuality "1"]
[TimeControl "600+2"]

1. d4 Nf6 2. Nf3 d5 3. c4 e6 4. g3 Be7 5. Bg2 O-O 6. O-O dxc4 7. Qc2 a6 8. a4 Bd7 9. Bg5 Bc6 10. Nc3 Nd5 11. Bxe7 Qxe7 12. e4 Nxc3 13. bxc3 Nd7 14. Rfe1 b5 15. d5 Bb7 16. Nd4 e5 17. Nf5 Qf6 18. axb5 axb5 19. Qb2 Qb6 20. Rab1 Ra5 21. Qd2 h6 22. Bf1 Qc5 23. Bh3 Rd8 24. Ra1 Rxa1 25. Rxa1 Nf6 26. Qe2 Bc8 27. Ra8 Qf8 28. Qb2 Nxe4 29. Qxb5 Bxf5 30. Rxd8 Qxd8 31. Bxf5 Nd6 32. Qb1 Nxf5 33. Qxf5 Qxd5 34. Qc8+ Kh7 35. Qxc7 f5 36. h4 Qd1+ 37. Kg2 Qe2 38. Qf7 Qe4+ 39. Kg1 f4 40. h5 f3 41. Kh2 Qg4 42. Qe8 Qf5 43. Kg1 Qb1+ 44. Kh2 Qc2 45. Kg1 Qf5 46. Kh2 e4 47. Kg1 Qg4 48. Kh2 e3 49. fxe3 f2 50. Kg2 Qf5 51. Kf1 Qf3 52. Qg6+ Kg8 53. Qe8+ Kh7 54. Qg6+ Kh8 55. e4 Qe3 56. Qe8+ Kh7 57. Qg6+ Kh8 58. Kg2 Qe2 59. Qe8+ Kh7 60. Qg6+ Kh8 61. Qe8+ Kh7 62. Qg6+ Kh8 1/2-1/2

[Event "CCT Chessable Masters Place D-III 2024"]
[Site "Online"]
[Date "2024.02.01"]
[Round "1"]
[White "Lupulescu, Constantin"]
[Black "Sargissian, Gabriel"]
[Result "1/2-1/2"]
[ECO "D35"]
[WhiteElo "2589"]
[BlackElo "2672"]
[Annotator "ChessBase"]
[PlyCount "79"]
[EventDate "2024.01.12"]
[EventType "k.o."]
[EventCountry "NET"]
[SourceTitle "playchess.com"]
[Source "ChessBase"]
[SourceQuality "1"]
[TimeControl "600+2"]

1. c4 e6 2. Nc3 d5 3. d4 Nf6 4. cxd5 exd5 5. Bf4 Bd6 6. Bxd6 Qxd6 7. e3 Bf5 8. Nge2 O-O 9. Ng3 Bg6 10. h4 h6 11. h5 Bh7 12. Bd3 Bxd3 13. Qxd3 Nc6 14. O-O Ne7 15. b4 c6 16. b5 cxb5 17. Nxb5 Qd7 18. Rfb1 Rfc8 19. Nc3 Rc4 20. Nce2 b5 21. Nf4 Rac8 22. Qd1 Ne4 23. Nxe4 dxe4 24. Rc1 Nd5 25. Nxd5 Qxd5 26. Rxc4 bxc4 27. Rc1 c3 28. Qb3 Qc6 29. Qc2 Qb5 30. Qxe4 c2 31. Qg4 Rc3 32. e4 Qb2 33. Qf4 Rd3 34. Kh2 Rd1 35. Qc7 Rxc1 36. Qc8+ Kh7 37. Qf5+ Kg8 38. Qc8+ Kh7 39. Qf5+ Kg8 40. Qc8+ 1/2-1/2

[Event "CCT Chessable Masters Place D-III 2024"]
[Site "Online"]
[Date "2024.02.01"]
[Round "1"]
[White "bardiya_Daneshvar"]
[Black "Bernadskiy, Vitaliy"]
[Result "0-1"]
[ECO "E11"]
[WhiteElo "2588"]
[BlackElo "2566"]
[Annotator "ChessBase"]
[PlyCount "94"]
[EventDate "2024.01.12"]
[EventType "k.o."]
[EventCountry "NET"]
[SourceTitle "playchess.com"]
[Source "ChessBase"]
[SourceQuality "1"]
[TimeControl "600+2"]

1. d4 Nf6 2. c4 e6 3. Nf3 Bb4+ 4. Nbd2 O-O 5. a3 Be7 6. e4 d6 7. Bd3 e5 8. d5 a5 9. O-O Nbd7 10. Bc2 Nc5 11. b3 Bg4 12. h3 Bh5 13. Bb2 c6 14. Qe2 Qb6 15. Qe3 Bg6 16. Rfc1 Rfc8 17. Bc3 cxd5 18. cxd5 Na4 19. Qxb6 Nxb6 20. Bb1 a4 21. b4 Nc4 22. Kf1 Nxd2+ 23. Nxd2 Rc7 24. Bb2 Rxc1+ 25. Bxc1 Rc8 26. Bb2 Nh5 27. Bd3 Nf4 28. Bb5 f5 29. g3 Nxh3 30. Rc1 Rf8 31. Bd7 Bg5 32. Rc2 Bxd2 33. Rxd2 Ng5 34. exf5 Bxf5 35. Bxf5 Rxf5 36. Rc2 h5 37. Bc1 Ne4 38. Kg2 Kh7 39. f3 Nf6 40. Rc7 e4 41. fxe4 Nxe4 42. Rxb7 Rf2+ 43. Kg1 Rf3 44. Bf4 Rxa3 45. Re7 Nxg3 46. b5 Rb3 47. Ra7 Ne2+ 0-1

[Event "CCT Chessable Masters Place D-III 2024"]
[Site "Online"]
[Date "2024.02.01"]
[Round "1"]
[White "ViIIagra"]
[Black "Fandorine"]
[Result "1/2-1/2"]
[ECO "A48"]
[WhiteElo "2586"]
[BlackElo "2618"]
[Annotator "ChessBase"]
[PlyCount "62"]
[EventDate "2024.01.12"]
[EventType "k.o."]
[EventCountry "NET"]
[SourceTitle "playchess.com"]
[Source "ChessBase"]
[SourceQuality "1"]
[TimeControl "600+2"]

1. d4 Nf6 2. Bf4 d6 3. Nf3 g6 4. e3 Bg7 5. Be2 O-O 6. O-O c5 7. c3 Qb6 8. Qc1 Be6 9. h3 Nc6 10. Nbd2 cxd4 11. exd4 Rac8 12. Be3 Nd5 13. Nc4 Qa6 14. Re1 Nf4 15. Bxf4 Bxc4 16. Qd2 Bxe2 17. Rxe2 Rfe8 18. Rae1 Qxa2 19. d5 Na5 20. Rxe7 Rxe7 21. Rxe7 Qb1+ 22. Kh2 Qf5 23. Nd4 Qxd5 24. Qe2 h6 25. Qg4 Rf8 26. Qd7 Bxd4 27. cxd4 Nc6 28. Bxh6 Qxd4 29. Bxf8 Qf4+ 30. Kg1 Qc1+ 31. Kh2 Qf4+ 1/2-1/2

[Event "CCT Chessable Masters Place D-III 2024"]
[Site "Online"]
[Date "2024.02.01"]
[Round "1"]
[White "Kovalev, Vladislav"]
[Black "Zlatan56"]
[Result "0-1"]
[ECO "C67"]
[WhiteElo "2579"]
[BlackElo "2635"]
[Annotator "NA"]
[PlyCount "124"]
[EventDate "2024.01.12"]
[EventType "k.o."]
[EventCountry "NET"]
[SourceTitle "playchess.com"]
[Source "ChessBase"]
[SourceQuality "1"]
[TimeControl "600+2"]

1. e4 e5 2. Nf3 Nc6 3. Bb5 Nf6 4. O-O Nxe4 5. Re1 Nd6 6. Nxe5 Be7 7. Bf1 Nxe5 8. Rxe5 O-O 9. d4 Ne8 10. Nc3 Nf6 11. Qf3 d6 12. Re1 c6 13. Bd3 Be6 14. h3 Re8 15. Bg5 h6 16. Bf4 Qb6 17. Rad1 Kf8 18. b3 Qa5 19. Bd2 Qh5 20. Qg3 Rad8 21. Rxe6 fxe6 22. Bg6 Qa5 23. Ne2 Qc7 24. Nf4 Qd7 25. Bxe8 Rxe8 26. Re1 Bd8 27. Ng6+ Kg8 28. c4 Qf7 29. Nf4 d5 30. Nd3 Ne4 31. Qe3 Bg5 32. f4 Bf6 33. Bc1 Qg6 34. Rf1 Ng3 35. Re1 Nf5 36. Qf3 Nxd4 37. Qd1 dxc4 38. bxc4 Rd8 39. Ne5 Qc2 40. Qg4 Qf5 41. Qg3 Bxe5 42. fxe5 Rf8 43. Kh2 Qf2 44. Qxf2 Rxf2 45. Be3 Nf3+ 46. Kg3 Nxe1 47. Bxf2 Nd3 48. Bd4 b5 49. cxb5 cxb5 50. Kf3 a5 51. Ke4 Nb4 52. a3 Nd5 53. Bc5 Kf7 54. g4 g6 55. Bf2 b4 56. axb4 axb4 57. Kd4 h5 58. Be3 hxg4 59. hxg4 Nxe3 60. Kxe3 Ke7 61. Kd4 Kd7 62. Kc5 b3 0-1

[Event "CCT Chessable Masters Place D-III 2024"]
[Site "Online"]
[Date "2024.02.01"]
[Round "1"]
[White "JSPrepz"]
[Black "Mishra, Abhimanyu"]
[Result "1-0"]
[ECO "A11"]
[WhiteElo "2570"]
[BlackElo "2627"]
[Annotator "ChessBase"]
[PlyCount "77"]
[EventDate "2024.01.12"]
[EventType "k.o."]
[EventCountry "NET"]
[SourceTitle "playchess.com"]
[Source "ChessBase"]
[SourceQuality "1"]
[TimeControl "600+2"]

1. Nf3 d5 2. c4 c6 3. g3 Nf6 4. Bg2 dxc4 5. O-O Nbd7 6. Qc2 Nb6 7. Na3 Be6 8. Ng5 Bg4 9. Nxc4 Bxe2 10. Ne5 Bh5 11. Re1 h6 12. Nh3 g5 13. b4 a6 14. Bb2 Bg7 15. g4 Bg6 16. Nxg6 fxg6 17. Qxg6+ Kf8 18. f4 Qe8 19. Qf5 Qd7 20. Re6 Qxd2 21. Bxf6 Bxf6 22. Rxf6+ exf6 23. Qxf6+ Kg8 24. Qg6+ Kf8 25. Rf1 Qd4+ 26. Kh1 Ke7 27. fxg5 Raf8 28. Re1+ Kd8 29. gxh6 Kc8 30. Ng5 Qxb4 31. Rb1 Qd2 32. Bxc6 Qd4 33. Ne6 Qc4 34. Nxf8 bxc6 35. Qf5+ Kb7 36. Nd7 Ka7 37. Nxb6 Qe2 38. Qd7+ Kb8 39. Nd5+ 1-0

[Event "CCT Chessable Masters Place D-III 2024"]
[Site "Online"]
[Date "2024.02.01"]
[Round "1"]
[White "Le, Tuan Minh"]
[Black "Dubov, Daniil"]
[Result "1-0"]
[ECO "E90"]
[WhiteElo "2567"]
[BlackElo "2708"]
[Annotator "TA"]
[PlyCount "53"]
[EventDate "2024.01.12"]
[EventType "k.o."]
[EventCountry "NET"]
[SourceTitle "playchess.com"]
[Source "ChessBase"]
[SourceQuality "1"]
[TimeControl "600+2"]

1. d4 Nf6 2. c4 c5 3. d5 g6 4. Nc3 Bg7 5. e4 d6 6. h3 O-O 7. Nf3 e6 8. Bd3 Nbd7 9. O-O e5 10. Be3 Nh5 11. Qd2 Qe7 12. Rae1 {[%emt 0:00:08] White is more active. White is better.} f5 (12... a6 $14) 13. Bg5 (13. exf5 $18 {and the rest is easy. And now Bg5 would win.} gxf5 14. Bg5) 13... Ndf6 $16 14. exf5 gxf5 (14... Bxf5 $16 {was necessary.} 15. g4 Bxd3) 15. Nh4 $18 e4 16. f3 Ng3 17. Rf2 {[%emt 0:00:14] [#] aiming for fxe4.} Bd7 (17... Qe5 $142 18. Bf4 Qd4) 18. fxe4 fxe4 19. Re3 Rae8 $2 (19... Qe5 20. Bf4 Qh5) 20. Bc2 (20. Rxg3 exd3 21. Re3 (21. Rxd3 $2 Qe1+ 22. Rf1 Qxf1+ 23. Kxf1 Ne4+ 24. Kg1 Nxd2 $19) 21... Qd8 22. Rxd3 (22. Qxd3 Rxe3 23. Qxe3 Qe8 $18) 22... Rf7 $18) 20... Ngh5 (20... Qe5 21. Bf4 $18) 21. Bxe4 (21. Nxe4 Nxe4 22. Rxe4 Rxf2 23. Kxf2 (23. Rxe7 Rxd2 24. Rxe8+ Bxe8 $14) 23... Qf7+ 24. Nf3 Rxe4 25. Bxe4 b5 $16) 21... Qd8 $2 (21... Nxe4 {keeps fighting.} 22. Nxe4 Rxf2 23. Qxf2 Qf8 24. Qxf8+ (24. Rf3 Bd4 $18) 24... Rxf8) 22. Bf5 {[%emt 0:00:13] [#] Be6+ is the strong threat.} h6 23. Rxe8 Qxe8 24. Re2 ({Worse is} 24. Bxh6 Bxh6 25. Qxh6 (25. Bxd7 $2 Bxd2 26. Bxe8 Bxc3 $19) 25... Qe1+ 26. Rf1 Qxh4 27. Be6+ (27. Bxd7 Qd4+ 28. Kh2 Qe5+ 29. Kg1 Nxd7 $17) 27... Bxe6 28. Qg6+ Kh8 29. Qh6+ Kg8 30. Qg6+ Kh8 31. Qh6+ Kg8 $11) 24... Qc8 25. Bxd7 Qxd7 26. Bxh6 Re8 27. Qg5 {[%emt 0:00:18] Weighted Error Value: White=0.38/Black=0.74.  Mistake:       	White=1     	Black=5      Inaccurate:     	White=1     	Black=1      OK:         	White=4     	Black=4      Best:        	White=4     	Black=1} 1-0

[Event "CCT Chessable Masters Place D-III 2024"]
[Site "Online"]
[Date "2024.02.01"]
[Round "1"]
[White "Bernadskiy, Vitaliy"]
[Black "bardiya_Daneshvar"]
[Result "0-1"]
[ECO "C77"]
[WhiteElo "2566"]
[BlackElo "2592"]
[Annotator "ChessBase"]
[PlyCount "102"]
[EventDate "2024.01.12"]
[EventType "k.o."]
[EventCountry "NET"]
[SourceTitle "playchess.com"]
[Source "ChessBase"]
[SourceQuality "1"]
[TimeControl "600+2"]

1. e4 e5 2. Nf3 Nc6 3. Bb5 Nf6 4. d3 d6 5. O-O Be7 6. c3 O-O 7. Nbd2 a6 8. Ba4 b5 9. Bc2 Bb7 10. Re1 Re8 11. Nf1 Bf8 12. Bg5 h6 13. Bh4 Be7 14. Ne3 g6 15. a4 Nh5 16. Bxe7 Nxe7 17. Qd2 Nf6 18. d4 Bxe4 19. dxe5 dxe5 20. Qxd8 Rexd8 21. Bxe4 Nxe4 22. Ng4 Nd6 23. Nxh6+ Kg7 24. Rxe5 Nc6 25. Rc5 Na5 26. Nxf7 Nxf7 27. Rxc7 Nb3 28. Re1 Rac8 29. Rce7 Kf8 30. axb5 axb5 31. Nh4 Rc6 32. Rb7 Rd5 33. h3 Rf6 34. Nf3 Na5 35. Rc7 Nc6 36. Ra1 Nce5 37. Nd4 b4 38. Ra8+ Kg7 39. Re8 bxc3 40. bxc3 Rd7 41. Rcc8 Nd6 42. Rg8+ Kh6 43. Rc5 Nd3 44. Rd5 Re7 45. f3 Nf4 46. Ra5 Ne2+ 47. Nxe2 Rxe2 48. h4 Nf5 49. g4 Rb6 50. Ra1 Nxh4 51. Kf1 Rh2 0-1

[Event "CCT Chessable Masters Place D-III 2024"]
[Site "Online"]
[Date "2024.02.01"]
[Round "1"]
[White "stSecond"]
[Black "Ohanyan, Emin"]
[Result "0-1"]
[ECO "D78"]
[WhiteElo "2559"]
[BlackElo "2456"]
[Annotator "ChessBase"]
[PlyCount "90"]
[EventDate "2024.01.12"]
[EventType "k.o."]
[EventCountry "NET"]
[SourceTitle "playchess.com"]
[Source "ChessBase"]
[SourceQuality "1"]
[TimeControl "600+2"]

1. Nf3 d5 2. g3 g6 3. Bg2 Bg7 4. d4 Nf6 5. O-O O-O 6. c4 c6 7. a4 a5 8. cxd5 Nxd5 9. Na3 Na6 10. e4 Ndb4 11. h3 Be6 12. Be3 h6 13. Qd2 Kh7 14. Rfc1 Qd7 15. Nc4 Bxc4 16. Rxc4 e6 17. h4 Rfd8 18. Qe2 Nc7 19. Bf4 Qe7 20. Bh3 Ne8 21. Re1 Nf6 22. Be5 Nd7 23. Bxg7 Kxg7 24. h5 g5 25. b3 Nf6 26. Ne5 Nd7 27. f4 gxf4 28. Qg4+ Kh7 29. Nxd7 Rxd7 30. Rf1 fxg3 31. e5 Rg8 32. Qe4+ Kh8 33. Rf6 Qf8 34. Bxe6 Re7 35. Bf5 Qg7 36. Qf3 Nd5 37. Rd6 Qg5 38. Bd3 Nf4 39. d5 g2 40. Rxf4 Rxe5 41. Be4 f5 42. Rxf5 Qc1+ 43. Kh2 g1=Q+ 44. Kh3 Rxf5 45. Qxf5 Qg3# 0-1

[Event "CCT Chessable Masters Place D-III 2024"]
[Site "Online"]
[Date "2024.02.01"]
[Round "1"]
[White "stSecond"]
[Black "Ohanyan, Emin"]
[Result "1-0"]
[ECO "D00"]
[WhiteElo "2554"]
[BlackElo "2456"]
[Annotator "ChessBase"]
[PlyCount "101"]
[EventDate "2024.01.12"]
[EventType "k.o."]
[EventCountry "NET"]
[SourceTitle "playchess.com"]
[Source "ChessBase"]
[SourceQuality "1"]
[TimeControl "600+2"]

1. d4 Nf6 2. Bg5 d5 3. Bxf6 gxf6 4. e3 c5 5. dxc5 e6 6. c4 Qa5+ 7. Nd2 dxc4 8. Bxc4 Qxc5 9. Ngf3 Nc6 10. O-O Qe7 11. Rc1 Bd7 12. Bb5 a6 13. Bxc6 Bxc6 14. Nd4 Bd7 15. Rc7 Qd8 16. Rxb7 Rb8 17. Qb3 Rxb7 18. Qxb7 Qc8 19. Qxc8+ Bxc8 20. Rc1 Kd8 21. Ne4 Bb7 22. Nxf6 Bg7 23. Nh5 Bxd4 24. exd4 Rg8 25. g3 Bf3 26. Nf4 Kd7 27. Rc3 Ba8 28. f3 Kd6 29. Kf2 Bc6 30. Nd3 Rb8 31. b3 Be8 32. Nc5 a5 33. Ne4+ Ke7 34. Rc7+ Kd8 35. Ra7 a4 36. Nc5 axb3 37. axb3 Rb5 38. f4 h5 39. Ke3 Rb6 40. h3 f6 41. Ra6 Rb8 42. Rxe6 Ra8 43. g4 hxg4 44. hxg4 Ra1 45. Rxf6 Rg1 46. g5 Bh5 47. d5 Ke7 48. d6+ Ke8 49. d7+ Ke7 50. Re6+ Kd8 51. Rd6 1-0

[Event "CCT Chessable Masters Place D-III 2024"]
[Site "Online"]
[Date "2024.02.01"]
[Round "1"]
[White "Raja Rithvik R"]
[Black "Safarli, Eltaj"]
[Result "0-1"]
[ECO "D85"]
[WhiteElo "2522"]
[BlackElo "2604"]
[Annotator "ChessBase"]
[PlyCount "56"]
[EventDate "2024.01.12"]
[EventType "k.o."]
[EventCountry "NET"]
[SourceTitle "playchess.com"]
[Source "ChessBase"]
[SourceQuality "1"]
[TimeControl "600+2"]

1. d4 Nf6 2. c4 g6 3. Nc3 d5 4. cxd5 Nxd5 5. e4 Nxc3 6. bxc3 Bg7 7. Nf3 O-O 8. Be2 c5 9. O-O Nd7 10. Rb1 Nf6 11. Qd3 b6 12. Rd1 Nxe4 13. Qxe4 Bf5 14. Qh4 Bxb1 15. Bg5 Bxa2 16. Bxe7 Qc7 17. Bxf8 Rxf8 18. d5 Bb3 19. Rd2 Qd8 20. Qf4 Qf6 21. Qc7 Bh6 22. d6 Bxd2 23. Nxd2 Bd5 24. d7 Qe7 25. Bb5 Rd8 26. h3 a6 27. Bxa6 Rxd7 28. Qxb6 Qg5 0-1

[Event "CCT Chessable Masters Place D-III 2024"]
[Site "Online"]
[Date "2024.02.01"]
[Round "1"]
[White "SpeedofLight0"]
[Black "Santos Latasa, Jaime"]
[Result "1-0"]
[ECO "C79"]
[WhiteElo "2508"]
[BlackElo "2615"]
[Annotator "ChessBase"]
[PlyCount "83"]
[EventDate "2024.01.12"]
[EventType "k.o."]
[EventCountry "NET"]
[SourceTitle "playchess.com"]
[Source "ChessBase"]
[SourceQuality "1"]
[TimeControl "600+2"]

1. e4 e5 2. Nf3 Nc6 3. Bb5 a6 4. Ba4 Nf6 5. O-O d6 6. Bxc6+ bxc6 7. d4 exd4 8. Nxd4 c5 9. Nc6 Qd7 10. Na5 Qa4 11. Bd2 Bg4 12. f3 Be6 13. Kh1 Be7 14. b3 Qd7 15. Nc3 O-O 16. Qe2 Rfe8 17. Rad1 h6 18. Bf4 Bf8 19. e5 Bf5 20. Qf2 Nh5 21. Bc1 Rxe5 22. g4 Bg6 23. Nc4 Re7 24. gxh5 Bxh5 25. Nd5 Ree8 26. Bxh6 c6 27. Ndb6 Qe6 28. Nxa8 Qxh6 29. Nc7 Rc8 30. Nxa6 Ra8 31. Nc7 Rc8 32. Qg3 Rxc7 33. Nxd6 Ra7 34. a4 Bg6 35. Nc4 Bxc2 36. Rd8 g6 37. Re1 Bxb3 38. Ree8 Qc1+ 39. Kg2 Bxc4 40. Rxf8+ Kg7 41. Qe5+ f6 42. Qxf6+ 1-0

[Event "CCT Chessable Masters Place D-III 2024"]
[Site "Online"]
[Date "2024.02.01"]
[Round "1"]
[White "Drags95"]
[Black "MashaPutina"]
[Result "1/2-1/2"]
[ECO "E48"]
[WhiteElo "2465"]
[BlackElo "2644"]
[Annotator "NA"]
[PlyCount "131"]
[EventDate "2024.01.12"]
[EventType "k.o."]
[EventCountry "NET"]
[SourceTitle "playchess.com"]
[Source "ChessBase"]
[SourceQuality "1"]
[TimeControl "600+2"]

1. d4 Nf6 2. c4 e6 3. Nc3 Bb4 4. e3 O-O 5. Bd3 c5 6. Nge2 d5 7. cxd5 cxd4 8. exd4 Nxd5 9. O-O Nc6 10. a3 Ba5 11. Bc2 Qh4 12. Nxd5 exd5 13. Nf4 Be6 14. Qd3 g6 15. Nxe6 fxe6 16. Be3 Rf7 17. g3 Qf6 18. Rad1 Qf3 19. b4 Bb6 20. Rd2 Rc8 21. Bd1 Qf5 22. Qxf5 exf5 23. Bb3 Rd7 24. Rc1 Ne7 25. Rxc8+ Nxc8 26. a4 a5 27. Rc2 Ne7 28. bxa5 Bxa5 29. Rc5 b6 30. Rc2 Kf7 31. Bf4 Bb4 32. Be5 Bd6 33. f4 Ke6 34. Kf2 Ra7 35. Ke3 Ra5 36. Kd3 Kd7 37. Rb2 Nc6 38. Bd1 Bc7 39. g4 Ne7 40. h3 Ra8 41. Rb5 Ra5 42. Rb2 Ra8 43. h4 fxg4 44. Bxg4+ Nf5 45. Rb4 h5 46. Bh3 Bd8 47. Rb5 Ra5 48. Rb4 Kc6 49. Bxf5 gxf5 50. Rb2 Rxa4 51. Rc2+ Kd7 52. Rc1 Ra3+ 53. Ke2 Rg3 54. Ra1 Bxh4 55. Ra7+ Kc6 56. Rf7 b5 57. Rxf5 b4 58. Rxh5 Bd8 59. Rh8 Bb6 60. f5 Rg5 61. f6 Rf5 62. Rc8+ Kd7 63. Rb8 Bd8 64. Rxb4 Bxf6 65. Bxf6 Rxf6 66. Ke3 1/2-1/2

[Event "CCT Chessable Masters Place D-III 2024"]
[Site "Online"]
[Date "2024.02.01"]
[Round "1"]
[White "Ohanyan, Emin"]
[Black "stSecond"]
[Result "0-1"]
[ECO "D02"]
[WhiteElo "2456"]
[BlackElo "2547"]
[Annotator "ChessBase"]
[PlyCount "112"]
[EventDate "2024.01.12"]
[EventType "k.o."]
[EventCountry "NET"]
[SourceTitle "playchess.com"]
[Source "ChessBase"]
[SourceQuality "1"]
[TimeControl "600+2"]

1. d4 Nf6 2. Nf3 e6 3. Bf4 c5 4. e3 Nc6 5. Nbd2 d5 6. c3 Nh5 7. Bg5 Qb6 8. Qb3 h6 9. Bh4 g5 10. Bg3 Nxg3 11. hxg3 Bg7 12. Qxb6 axb6 13. a3 g4 14. Ng1 cxd4 15. exd4 e5 16. dxe5 d4 17. cxd4 Nxd4 18. Rc1 O-O 19. f4 Bf5 20. Ne2 Nc2+ 21. Kf2 Rfd8 22. Nc4 Bf8 23. Nd6 Bxd6 24. exd6 Rxd6 25. Rh5 Bg6 26. Re5 Ra5 27. Re8+ Kg7 28. Nc3 Rc6 29. Be2 h5 30. Rd8 Rac5 31. Na4 Ra5 32. Nc3 Re6 33. Nd1 Rc5 34. Bd3 Bxd3 35. Rxd3 Nb4 36. axb4 Rxc1 37. Ne3 Rb1 38. Rd2 Re4 39. Nd5 b5 40. f5 Ree1 41. Nf4 Rf1+ 42. Ke3 Rbe1+ 43. Kd4 Kh6 44. Kc5 Rd1 45. Re2 Rfe1 46. Rf2 Re5+ 47. Kb6 Rxf5 48. Kxb7 Rd4 49. Rc2 h4 50. Rc6+ Kg7 51. Ne2 Rd2 52. Nc3 h3 53. Rc5 Rxc5 54. bxc5 h2 55. c6 Rd8 56. c7 Rf8 0-1